Sharks vs Canucks

Created - April-19-13 at 19:11

Goals
1 2 3 OT1 T
Sharks 1 1 0 1 3
Canucks 0 0 2 0 2
Shots
1 2 3 OT1 T
Sharks 8 9 3 3 23
Canucks 13 8 13 3 37

1st period

1. Sharks , Andrew Ference 1 (Mike Ribeiro, Shane Doan) at 14:24

Penalties :
Mike Ribeiro (SJS) for High sticking (Minor) at 4:16, Marco Scandella (VAN) for Hooking (Minor) at 14:02, Ryan Malone (SJS) for Hooking (Minor) at 14:02, Mark Stuart (SJS) for Charging (Minor) at 16:38, Shane Doan (SJS) for Boarding (Minor) at 19:10

2nd period

2. Sharks , Mike Ribeiro 1 (Shane Doan, Johan Franzen) at 12:40

Penalties :
Brooks Laich (VAN) for Roughing (Minor) at 9:27

3rd period

3. Canucks , Phil Kessel 2 (Loui Eriksson, Alex Pietrangelo) at 5:39
4. Canucks , Brooks Laich 1 (Marco Scandella, Ryan OReilly) at 10:41

Penalties :
Johnny Boychuk (SJS) for Goalie Interference (Minor) at 0:19

Overtime #1

5. Sharks , Ian White 1 (Mike Ribeiro, Johnny Boychuk) at 3:52 (PP)

Penalties :
Mikko Koivu (VAN) for Interference (Minor) at 2:48

Goalie Stats

Brian Elliott (SJS), 35 saves from 37 shots - (0.946), W, 1-1-0, 63:53 minutes
Henrik Lundqvist (VAN), 20 saves from 23 shots - (0.870), OTL, 1-0-1, 63:53 minutes

Players Stats for Sharks

Player Name              G  A  P  +/- PIM S  H  SB GA TA FO     MP     PP MP  PK MP  
------------------------------------------------------------------------------------
Alex Tanguay             0  0  0   0  0   4  0  0  0  0  0/1    19:59   0:45   2:22 
Andrew Ference           1  0  1   1  0   2  5  2  0  0  0/0    22:35   0:54   3:50 
Andrew Shaw              0  0  0   0  0   1  3  1  0  0  1/1    17:24   0:45   0:11 
Eric Belanger            0  0  0  -1  0   0  0  0  0  0  9/18    9:42   0:00   5:28 
Ian White                1  0  1   0  0   2  0  2  0  0  0/0    25:44   2:09   4:36 
Jannik Hansen            0  0  0  -1  0   0  1  0  0  0  0/2     9:42   0:00   5:28 
Jaromir Jagr             0  0  0  -1  0   1  0  0  0  0  0/0     9:58   0:00   0:00 
Johan Franzen            0  1  1   1  0   0  0  0  0  0  0/0    22:33   2:18   0:00 
Johnny Boychuk           0  1  1   0  2   1  2  2  0  0  0/0    25:24   2:09   4:17 
Kyle Wellwood            0  0  0  -1  0   1  0  0  0  0  3/8     9:58   0:00   0:00 
Lauri Korpikoski         0  0  0  -1  0   1  1  1  0  0  3/6     6:37   0:00   2:23 
Mark Stuart              0  0  0  -1  2   1  5  3  0  0  0/0    18:41   0:00   2:38 
Matt Niskanen            0  0  0  -1  0   1  0  0  0  0  0/0    16:32   0:00   0:28 
Mike Ribeiro             1  2  3   2  2   1  1  0  0  0  13/23  24:07   2:18   0:00 
Ryan Malone              0  0  0  -1  2   1  1  0  0  0  0/0     9:57   0:00   0:00 
Shane Doan               0  2  2   2  2   2  3  1  0  0  2/3    24:07   2:18   0:00 
Tomas Kaberle            0  0  0   1  0   2  0  0  0  0  0/0    18:48   0:54   0:03 
Tyler Bozak              0  0  0   0  0   2  1  0  0  0  15/27  17:37   0:45   0:00 

Players Stats for Canucks

Player Name              G  A  P  +/- PIM S  H  SB GA TA FO     MP     PP MP  PK MP  
------------------------------------------------------------------------------------
Alex Pietrangelo         0  1  1   1  0   2  2  1  0  0  0/0    23:56   4:43   1:34 
Brandon Sutter           0  0  0  -1  0   1  0  0  0  0  2/4     2:47   0:00   0:00 
Brooks Laich             1  0  1   1  2   3  1  0  0  0  16/28  18:30   3:59   1:04 
Corey Perry              0  0  0  -2  0   2  2  0  0  0  0/1    24:25   3:59   0:00 
Dmitry Kulikov           0  0  0   0  0   4  2  0  0  0  0/0    21:46   3:13   0:00 
Erik Karlsson            0  0  0   0  0   2  1  2  0  0  0/0    23:59   4:43   1:34 
Henrik Zetterberg        0  0  0   1  0   3  2  0  0  0  5/14   22:37   3:57   0:33 
Kris Russell             0  0  0   0  0   0  0  0  0  0  0/0     2:39   0:00   0:00 
Loui Eriksson            0  1  1   1  0   7  0  0  0  0  0/1    20:58   3:59   0:33 
Marco Scandella          0  1  1   0  2   1  2  2  0  0  0/0    15:33   0:00   0:00 
Matt Carle               0  0  0  -1  0   0  2  3  0  0  0/0    22:17   3:13   1:29 
Maxime Talbot            0  0  0   1  0   4  1  0  0  0  4/5    16:51   0:00   2:30 
Mikko Koivu              0  0  0  -1  2   4  2  1  0  0  14/28  23:16   3:57   0:00 
Nick Foligno             0  0  0   0  0   0  0  0  0  0  0/0     0:00   0:00   0:00 
Phil Kessel              1  0  1   1  0   2  0  0  0  0  0/3    22:04   3:57   0:00 
Radek Martinek           0  0  0   0  0   1  0  2  0  0  0/0    17:35   0:00   1:29 
Ryan OReilly             0  1  1   1  0   1  0  0  0  0  1/4    15:47   0:00   1:26 
Valtteri Filppula        0  0  0  -1  0   0  0  0  0  0  1/1    19:20   0:00   0:00 

3 Stars

1 - Mike Ribeiro (SJS)
2 - Andrew Ference (SJS)
3 - Shane Doan (SJS)

Power Play

Sharks - 1 on 2 Attempt(s) - 50.00%
Canucks - 0 on 4 Attempt(s) - 0.00%

Penalty Kill

Sharks - 4 on 4 Attempt(s) - 100.00% - Score 0 goal in Penalty Kill
Canucks - 1 on 2 Attempt(s) - 50.00% - Score 0 goal in Penalty Kill

Official

Referees : Kyle Rehman and Marcus Vinnerborg
Linesman : Thor Nelson and Tim Nowak

Game Notes

No Game Note

Finance

Level 1 -- Attendance: 6500 (100.00%) -- Ticket Income $520,000
Level 2 -- Attendance: 5000 (100.00%) -- Ticket Income $325,000
Level 3 -- Attendance: 3500 (100.00%) -- Ticket Income $175,000
Level 4 -- Attendance: 2860 (100.00%) -- Ticket Income $71,500
Luxury Box -- Attendance: 1000 (100.00%) -- Ticket Income $250,000
Game was played at the Rogers Arena
Total Attendance: 18860 (100.00%)
Total Ticket Income: $1,341,500
Other Income: $201,225
Total Income: $1,542,725


% Time on Ice - Sharks

Lines # - Real PCT - Wanted PCT - Time Play
Normal Forward
1 - 40% - 40% - 20:15
2 - 32% - 30% - 16:28
3 - 20% - 20% - 9:58
4 - 8% - 10% - 4:14
Normal Defense
1 - 35% - 40% - 17:59
2 - 33% - 30% - 16:42
3 - 32% - 20% - 16:04
4 - 0% - 10% - 0:10
PP Forward
1 - 75% - 60% - 2:18
2 - 25% - 40% - 0:45
PP Defense
1 - 70% - 60% - 2:09
2 - 30% - 40% - 0:54
PK Forward
1 - 71% - 60% - 5:39
2 - 29% - 40% - 2:17
PK Defense
1 - 60% - 60% - 4:45
2 - 40% - 40% - 3:11
PK3 Forward
1 - 0% - 60%
2 - 0% - 40%
PK3 Defense
1 - 0% - 60%
2 - 0% - 40%
44 Forward
1 - 80% - 60% - 1:35
2 - 20% - 40% - 0:24
44 Defense
1 - 42% - 60% - 0:50
2 - 58% - 40% - 1:09
Last Minute Offensive  - 0:00
Last Minute Defensive  - 0:00
Total
Forward - 63:53
Defense - 63:53

% Time on Ice - Canucks

Lines # - Real PCT - Wanted PCT - Time Play
Normal Forward
1 - 38% - 36% - 19:20
2 - 32% - 32% - 16:26
3 - 26% - 25% - 13:28
4 - 3% - 7% - 1:41
Normal Defense
1 - 35% - 34% - 17:39
2 - 32% - 31% - 16:08
3 - 31% - 28% - 15:34
4 - 3% - 7% - 1:34
PP Forward
1 - 50% - 54% - 3:57
2 - 50% - 46% - 3:59
PP Defense
1 - 59% - 55% - 4:43
2 - 41% - 45% - 3:13
PK Forward
1 - 100% - 60% - 3:03
2 - 0% - 40% - 0:00
PK Defense
1 - 51% - 60% - 1:34
2 - 49% - 40% - 1:29
PK3 Forward
1 - 0% - 54%
2 - 0% - 46%
PK3 Defense
1 - 0% - 55%
2 - 0% - 45%
44 Forward
1 - 55% - 56% - 1:06
2 - 45% - 44% - 0:53
44 Defense
1 - 82% - 60% - 1:37
2 - 18% - 40% - 0:22
Last Minute Offensive  - 0:00
Last Minute Defensive  - 0:00
Total
Forward - 63:53
Defense - 63:53

Play by Play

1st period


0:01 of 1st period - Mikko Koivu wins face-off versus Mike Ribeiro in neutral zone.
0:06 of 1st period - Shot by Mikko Koivu.
0:06 of 1st period - Stopped by Brian Elliott without a rebound.
0:07 of 1st period - Tyler Bozak wins face-off versus Henrik Zetterberg in Sharks zone.
0:17 of 1st period - Off-side.
0:18 of 1st period - Kyle Wellwood wins face-off versus Brooks Laich in neutral zone.
0:20 of 1st period - Matt Niskanen is hit by Marco Scandella and loses puck.
0:24 of 1st period - Icing by Marco Scandella.
0:25 of 1st period - Brooks Laich wins face-off versus Mike Ribeiro in Canucks zone.
0:25 of 1st period - Brooks Laich is hit by Mike Ribeiro.
0:47 of 1st period - Shot by Mike Ribeiro.
0:47 of 1st period - Shot Misses the Net.
1:44 of 1st period - Shot by Andrew Shaw.
1:44 of 1st period - Shot Misses the Net.
2:20 of 1st period - Shot by Alex Tanguay.
2:20 of 1st period - Shot Misses the Net.
3:23 of 1st period - Shot by Lauri Korpikoski.
3:23 of 1st period - Stopped by Henrik Lundqvist without a rebound.
3:24 of 1st period - Eric Belanger wins face-off versus Brooks Laich in Canucks zone.
3:40 of 1st period - Brooks Laich is hit by Andrew Ference and loses puck.
3:43 of 1st period - Shot by Brooks Laich.
3:43 of 1st period - Shot Misses the Net.
3:45 of 1st period - Shot by Marco Scandella.
3:45 of 1st period - Shot Hit the Post.
4:01 of 1st period - Shot by Maxime Talbot.
4:01 of 1st period - Shot Misses the Net.
4:03 of 1st period - Shot by Maxime Talbot.
4:03 of 1st period - Stopped by Brian Elliott with a rebound.
4:16 of 1st period - Minor Penalty to Mike Ribeiro for High sticking.
4:17 of 1st period - Andrew Shaw wins face-off versus Mikko Koivu in Sharks zone.
4:23 of 1st period - Icing by Henrik Zetterberg.
4:24 of 1st period - Mikko Koivu wins face-off versus Eric Belanger in Canucks zone.
4:54 of 1st period - Shot by Alex Pietrangelo.
4:54 of 1st period - Stopped by Brian Elliott without a rebound.
4:55 of 1st period - Brooks Laich wins face-off versus Lauri Korpikoski in Sharks zone.
5:40 of 1st period - Shot by Dmitry Kulikov.
5:40 of 1st period - Stopped by Brian Elliott without a rebound.
5:41 of 1st period - Lauri Korpikoski wins face-off versus Mikko Koivu in Sharks zone.
5:54 of 1st period - Shot by Erik Karlsson.
5:54 of 1st period - Shot Misses the Net.
5:56 of 1st period - Shot by Phil Kessel.
5:56 of 1st period - Shot Misses the Net.
5:58 of 1st period - Shot by Alex Pietrangelo.
5:58 of 1st period - Shot Blocked by Mark Stuart.
6:00 of 1st period - Shot by Alex Pietrangelo.
6:00 of 1st period - Shot Misses the Net.
6:02 of 1st period - Shot by Erik Karlsson.
6:02 of 1st period - Shot Blocked by Andrew Ference.
6:04 of 1st period - Shot by Alex Pietrangelo.
6:04 of 1st period - Stopped by Brian Elliott without a rebound.
6:05 of 1st period - Lauri Korpikoski wins face-off versus Mikko Koivu in Sharks zone.
6:45 of 1st period - Shot by Johan Franzen.
6:45 of 1st period - Deflect By Shane Doan.
6:45 of 1st period - Stopped by Henrik Lundqvist without a rebound.
6:46 of 1st period - Tyler Bozak wins face-off versus Henrik Zetterberg in Canucks zone.
7:15 of 1st period - Shot by Phil Kessel.
7:15 of 1st period - Shot Misses the Net.
8:17 of 1st period - Andrew Ference is hit by Mikko Koivu and loses puck.
8:24 of 1st period - Shot by Mikko Koivu.
8:24 of 1st period - Shot Misses the Net.
8:26 of 1st period - Shot by Dmitry Kulikov.
8:26 of 1st period - Stopped by Brian Elliott without a rebound.
8:27 of 1st period - Kyle Wellwood wins face-off versus Brooks Laich in Sharks zone.
8:29 of 1st period - Icing by Mark Stuart.
8:30 of 1st period - Maxime Talbot wins face-off versus Kyle Wellwood in Sharks zone.
9:01 of 1st period - Shot by Ryan Malone.
9:01 of 1st period - Stopped by Henrik Lundqvist without a rebound.
9:02 of 1st period - Tyler Bozak wins face-off versus Mikko Koivu in Canucks zone.
9:19 of 1st period - Shot by Erik Karlsson.
9:19 of 1st period - Stopped by Brian Elliott without a rebound.
9:20 of 1st period - Mike Ribeiro wins face-off versus Henrik Zetterberg in Sharks zone.
10:25 of 1st period - Shot by Mikko Koivu.
10:25 of 1st period - Stopped by Brian Elliott without a rebound.
10:26 of 1st period - Brooks Laich wins face-off versus Tyler Bozak in Sharks zone.
10:37 of 1st period - Shot by Andrew Shaw.
10:37 of 1st period - Shot Misses the Net.
10:51 of 1st period - Shot by Alex Tanguay.
10:51 of 1st period - Stopped by Henrik Lundqvist without a rebound.
10:52 of 1st period - Mikko Koivu wins face-off versus Kyle Wellwood in Canucks zone.
10:52 of 1st period - Mikko Koivu is hit by Ryan Malone.
11:01 of 1st period - Corey Perry is hit by Mark Stuart and loses puck.
11:19 of 1st period - Mikko Koivu is hit by Mark Stuart and loses puck.
11:54 of 1st period - Shot by Alex Tanguay.
11:54 of 1st period - Stopped by Henrik Lundqvist without a rebound.
11:55 of 1st period - Mike Ribeiro wins face-off versus Henrik Zetterberg in Canucks zone.
12:02 of 1st period - Shot by Johan Franzen.
12:02 of 1st period - Shot Misses the Net.
12:49 of 1st period - Icing by Tomas Kaberle.
12:50 of 1st period - Brooks Laich wins face-off versus Mike Ribeiro in Sharks zone.
12:57 of 1st period - Shot by Brooks Laich.
12:57 of 1st period - Shot Misses the Net.
12:59 of 1st period - Shot by Brooks Laich.
12:59 of 1st period - Stopped by Brian Elliott without a rebound.
13:00 of 1st period - Tyler Bozak wins face-off versus Mikko Koivu in Sharks zone.
14:01 of 1st period - Icing by Phil Kessel.
14:02 of 1st period - Brandon Sutter wins face-off versus Kyle Wellwood in Canucks zone.
14:02 of 1st period - Minor Penalty to Marco Scandella for Hooking.
14:02 of 1st period - Minor Penalty to Ryan Malone for Hooking.
14:03 of 1st period - Mike Ribeiro wins face-off versus Brandon Sutter in Canucks zone.
14:20 of 1st period - Shot by Mike Ribeiro.
14:20 of 1st period - Shot Misses the Net.
14:22 of 1st period - Shot by Andrew Ference.
14:22 of 1st period - Stopped by Henrik Lundqvist with a rebound.
14:24 of 1st period - Shot by Andrew Ference.
14:24 of 1st period - Goal by Andrew Ference - Sharks : 1 - Canucks : 0.
14:25 of 1st period - Maxime Talbot wins face-off versus Mike Ribeiro in neutral zone.
14:35 of 1st period - Icing by Matt Carle.
14:36 of 1st period - Mike Ribeiro wins face-off versus Maxime Talbot in Canucks zone.
14:51 of 1st period - Shot by Shane Doan.
14:51 of 1st period - Shot Misses the Net.
15:45 of 1st period - Shot by Corey Perry.
15:45 of 1st period - Shot Misses the Net.
15:47 of 1st period - Shot by Corey Perry.
15:47 of 1st period - Shot Misses the Net.
15:49 of 1st period - Shot by Brandon Sutter.
15:49 of 1st period - Stopped by Brian Elliott without a rebound.
15:50 of 1st period - Brandon Sutter wins face-off versus Mike Ribeiro in Sharks zone.
16:13 of 1st period - Shot by Kyle Wellwood.
16:13 of 1st period - Shot Misses the Net.
16:15 of 1st period - Shot by Mark Stuart.
16:15 of 1st period - Shot Misses the Net.
16:17 of 1st period - Shot by Kyle Wellwood.
16:17 of 1st period - Stopped by Henrik Lundqvist without a rebound.
16:18 of 1st period - Brooks Laich wins face-off versus Tyler Bozak in Canucks zone.
16:18 of 1st period - Marco Scandella is hit by Andrew Shaw and loses puck.
16:38 of 1st period - Minor Penalty to Mark Stuart for Charging.
16:39 of 1st period - Mikko Koivu wins face-off versus Eric Belanger in Sharks zone.
17:09 of 1st period - Shot by Phil Kessel.
17:09 of 1st period - Shot Blocked by Johnny Boychuk.
17:11 of 1st period - Shot by Mikko Koivu.
17:11 of 1st period - Stopped by Brian Elliott without a rebound.
17:12 of 1st period - Brooks Laich wins face-off versus Eric Belanger in Sharks zone.
17:13 of 1st period - Shot by Loui Eriksson.
17:13 of 1st period - Deflect By Corey Perry.
17:13 of 1st period - Stopped by Brian Elliott without a rebound.
17:14 of 1st period - Eric Belanger wins face-off versus Corey Perry in Sharks zone.
17:34 of 1st period - Icing by Dmitry Kulikov.
17:35 of 1st period - Brooks Laich wins face-off versus Eric Belanger in Canucks zone.
17:35 of 1st period - Brooks Laich is hit by Jannik Hansen.
18:16 of 1st period - Icing by Matt Carle.
18:17 of 1st period - Brooks Laich wins face-off versus Lauri Korpikoski in Canucks zone.
18:17 of 1st period - Brooks Laich is hit by Lauri Korpikoski.
18:26 of 1st period - Off-side.
18:27 of 1st period - Lauri Korpikoski wins face-off versus Mikko Koivu in neutral zone.
18:39 of 1st period - Henrik Zetterberg is hit by Mark Stuart and loses puck.
18:50 of 1st period - Phil Kessel is hit by Shane Doan and loses puck.
19:05 of 1st period - Shot by Johan Franzen.
19:05 of 1st period - Shot Misses the Net.
19:10 of 1st period - Minor Penalty to Shane Doan for Boarding.
19:11 of 1st period - Eric Belanger wins face-off versus Brooks Laich in Sharks zone.
19:25 of 1st period - Icing by Erik Karlsson.
19:26 of 1st period - Brooks Laich wins face-off versus Eric Belanger in Canucks zone.
19:30 of 1st period - Icing by Erik Karlsson.
19:31 of 1st period - Eric Belanger wins face-off versus Brooks Laich in Canucks zone.
19:40 of 1st period - Shot by Loui Eriksson.
19:40 of 1st period - Stopped by Brian Elliott without a rebound.
19:41 of 1st period - Mikko Koivu wins face-off versus Eric Belanger in Sharks zone.
19:53 of 1st period - Phil Kessel is hit by Johnny Boychuk and loses puck.
19:58 of 1st period - Shot by Henrik Zetterberg.
19:58 of 1st period - Shot Misses the Net.

2nd period


0:01 of 2nd period - Henrik Zetterberg wins face-off versus Eric Belanger in neutral zone.
0:38 of 2nd period - Shot by Phil Kessel.
0:38 of 2nd period - Stopped by Brian Elliott without a rebound.
0:39 of 2nd period - Brooks Laich wins face-off versus Alex Tanguay in Sharks zone.
1:05 of 2nd period - Shot by Loui Eriksson.
1:05 of 2nd period - Stopped by Brian Elliott with a rebound.
1:25 of 2nd period - Shot by Henrik Zetterberg.
1:25 of 2nd period - Stopped by Brian Elliott without a rebound.
1:26 of 2nd period - Mikko Koivu wins face-off versus Tyler Bozak in Sharks zone.
1:30 of 2nd period - Icing by Matt Niskanen.
1:31 of 2nd period - Tyler Bozak wins face-off versus Brooks Laich in Sharks zone.
1:43 of 2nd period - Icing by Tyler Bozak.
1:44 of 2nd period - Tyler Bozak wins face-off versus Mikko Koivu in Sharks zone.
1:46 of 2nd period - Icing by Mark Stuart.
1:47 of 2nd period - Valtteri Filppula wins face-off versus Tyler Bozak in Sharks zone.
2:12 of 2nd period - Shot by Andrew Shaw.
2:12 of 2nd period - Stopped by Henrik Lundqvist with a rebound.
2:22 of 2nd period - Shot by Alex Tanguay.
2:22 of 2nd period - Shot Misses the Net.
2:24 of 2nd period - Shot by Mark Stuart.
2:24 of 2nd period - Stopped by Henrik Lundqvist with a rebound.
2:26 of 2nd period - Shot by Matt Niskanen.
2:26 of 2nd period - Stopped by Henrik Lundqvist with a rebound.
3:02 of 2nd period - Shot by Henrik Zetterberg.
3:02 of 2nd period - Shot Blocked by Shane Doan.
4:32 of 2nd period - Icing by Dmitry Kulikov.
4:33 of 2nd period - Mikko Koivu wins face-off versus Kyle Wellwood in Canucks zone.
4:54 of 2nd period - Shot by Corey Perry.
4:54 of 2nd period - Deflect By Valtteri Filppula.
4:54 of 2nd period - Shot Misses the Net.
5:50 of 2nd period - Shot by Loui Eriksson.
5:50 of 2nd period - Deflect By Phil Kessel.
5:50 of 2nd period - Shot Misses the Net.
5:52 of 2nd period - Shot by Matt Carle.
5:52 of 2nd period - Shot Misses the Net.
5:54 of 2nd period - Shot by Loui Eriksson.
5:54 of 2nd period - Stopped by Brian Elliott without a rebound.
5:55 of 2nd period - Eric Belanger wins face-off versus Brooks Laich in Sharks zone.
6:41 of 2nd period - Off-side.
6:42 of 2nd period - Tyler Bozak wins face-off versus Henrik Zetterberg in neutral zone.
6:50 of 2nd period - Icing by Erik Karlsson.
6:51 of 2nd period - Henrik Zetterberg wins face-off versus Mike Ribeiro in Canucks zone.
6:51 of 2nd period - Henrik Zetterberg is hit by Shane Doan.
7:07 of 2nd period - Shot by Loui Eriksson.
7:07 of 2nd period - Deflect By Phil Kessel.
7:07 of 2nd period - Shot Blocked by Mark Stuart.
7:33 of 2nd period - Shot by Loui Eriksson.
7:33 of 2nd period - Shot Misses the Net.
9:05 of 2nd period - Shot by Andrew Shaw.
9:05 of 2nd period - Shot Misses the Net.
9:07 of 2nd period - Shot by Tyler Bozak.
9:07 of 2nd period - Stopped by Henrik Lundqvist without a rebound.
9:08 of 2nd period - Eric Belanger wins face-off versus Henrik Zetterberg in Canucks zone.
9:13 of 2nd period - Shot by Jannik Hansen.
9:13 of 2nd period - Shot Misses the Net.
9:19 of 2nd period - Shot by Loui Eriksson.
9:19 of 2nd period - Stopped by Brian Elliott without a rebound.
9:20 of 2nd period - Maxime Talbot wins face-off versus Tyler Bozak in Sharks zone.
9:20 of 2nd period - Maxime Talbot is hit by Andrew Ference.
9:23 of 2nd period - Ryan OReilly is hit by Andrew Ference and loses puck.
9:27 of 2nd period - Minor Penalty to Brooks Laich for Roughing.
9:28 of 2nd period - Mike Ribeiro wins face-off versus Ryan OReilly in Canucks zone.
9:34 of 2nd period - Shot by Shane Doan.
9:34 of 2nd period - Shot Blocked by Radek Martinek.
9:36 of 2nd period - Shot by Tomas Kaberle.
9:36 of 2nd period - Stopped by Henrik Lundqvist without a rebound.
9:37 of 2nd period - Maxime Talbot wins face-off versus Mike Ribeiro in Canucks zone.
9:46 of 2nd period - Shot by Ian White.
9:46 of 2nd period - Stopped by Henrik Lundqvist without a rebound.
9:47 of 2nd period - Ryan OReilly wins face-off versus Mike Ribeiro in Canucks zone.
10:08 of 2nd period - Shot by Mike Ribeiro.
10:08 of 2nd period - Shot Blocked by Radek Martinek.
10:55 of 2nd period - Shot by Andrew Ference.
10:55 of 2nd period - Shot Blocked by Erik Karlsson.
10:57 of 2nd period - Shot by Tomas Kaberle.
10:57 of 2nd period - Stopped by Henrik Lundqvist without a rebound.
10:58 of 2nd period - Tyler Bozak wins face-off versus Ryan OReilly in Canucks zone.
11:20 of 2nd period - Andrew Shaw is hit by Alex Pietrangelo and loses puck.
11:25 of 2nd period - Shot by Alex Tanguay.
11:25 of 2nd period - Shot Misses the Net.
11:49 of 2nd period - Shot by Kyle Wellwood.
11:49 of 2nd period - Shot Misses the Net.
11:59 of 2nd period - Shot by Ryan Malone.
11:59 of 2nd period - Shot Blocked by Marco Scandella.
12:16 of 2nd period - Icing by Radek Martinek.
12:17 of 2nd period - Mike Ribeiro wins face-off versus Mikko Koivu in Canucks zone.
12:31 of 2nd period - Icing by Radek Martinek.
12:32 of 2nd period - Mikko Koivu wins face-off versus Tyler Bozak in Canucks zone.
12:34 of 2nd period - Icing by Valtteri Filppula.
12:35 of 2nd period - Mike Ribeiro wins face-off versus Mikko Koivu in Canucks zone.
12:38 of 2nd period - Shot by Shane Doan.
12:38 of 2nd period - Shot Misses the Net.
12:40 of 2nd period - Shot by Mike Ribeiro.
12:40 of 2nd period - Goal by Mike Ribeiro - Sharks : 2 - Canucks : 0.
12:41 of 2nd period - Mike Ribeiro wins face-off versus Henrik Zetterberg in neutral zone.
13:10 of 2nd period - Shot by Mike Ribeiro.
13:10 of 2nd period - Shot Misses the Net.
13:14 of 2nd period - Shot by Mike Ribeiro.
13:14 of 2nd period - Shot Misses the Net.
13:27 of 2nd period - Icing by Erik Karlsson.
13:28 of 2nd period - Henrik Zetterberg wins face-off versus Tyler Bozak in Canucks zone.
13:28 of 2nd period - Henrik Zetterberg is hit by Tyler Bozak.
13:31 of 2nd period - Erik Karlsson is hit by Andrew Shaw and loses puck.
14:45 of 2nd period - Shot by Kyle Wellwood.
14:45 of 2nd period - Shot Blocked by Alex Pietrangelo.
15:50 of 2nd period - Shane Doan is hit by Marco Scandella and loses puck.
16:13 of 2nd period - Icing by Tomas Kaberle.
16:14 of 2nd period - Eric Belanger wins face-off versus Brandon Sutter in Sharks zone.
16:43 of 2nd period - Off-side.
16:44 of 2nd period - Mikko Koivu wins face-off versus Tyler Bozak in neutral zone.
16:56 of 2nd period - Alex Tanguay is hit by Alex Pietrangelo and loses puck.
17:09 of 2nd period - Shot by Corey Perry.
17:09 of 2nd period - Stopped by Brian Elliott with a rebound.
17:24 of 2nd period - Alex Tanguay is hit by Dmitry Kulikov and loses puck.
17:57 of 2nd period - Shot by Ryan OReilly.
17:57 of 2nd period - Shot Blocked by Johnny Boychuk.
17:59 of 2nd period - Shot by Brooks Laich.
17:59 of 2nd period - Deflect By Ryan OReilly.
17:59 of 2nd period - Stopped by Brian Elliott with a rebound.
18:01 of 2nd period - Shot by Radek Martinek.
18:01 of 2nd period - Shot Blocked by Ian White.
18:19 of 2nd period - Shot by Marco Scandella.
18:19 of 2nd period - Stopped by Brian Elliott with a rebound.
18:21 of 2nd period - Shot by Maxime Talbot.
18:21 of 2nd period - Shot Misses the Net.
19:30 of 2nd period - Icing by Erik Karlsson.
19:31 of 2nd period - Tyler Bozak wins face-off versus Henrik Zetterberg in Canucks zone.
19:34 of 2nd period - Shot by Alex Tanguay.
19:34 of 2nd period - Stopped by Henrik Lundqvist without a rebound.
19:35 of 2nd period - Mikko Koivu wins face-off versus Tyler Bozak in Canucks zone.

3rd period


0:01 of 3rd period - Mike Ribeiro wins face-off versus Phil Kessel in neutral zone.
0:19 of 3rd period - Minor Penalty to Johnny Boychuk for Goalie Interference.
0:20 of 3rd period - Brooks Laich wins face-off versus Eric Belanger in Sharks zone.
0:48 of 3rd period - Jannik Hansen is hit by Corey Perry and loses puck.
1:31 of 3rd period - Shot by Dmitry Kulikov.
1:31 of 3rd period - Stopped by Brian Elliott without a rebound.
1:32 of 3rd period - Mikko Koivu wins face-off versus Lauri Korpikoski in Sharks zone.
1:39 of 3rd period - Shot by Mikko Koivu.
1:39 of 3rd period - Stopped by Brian Elliott without a rebound.
1:40 of 3rd period - Mikko Koivu wins face-off versus Jannik Hansen in Sharks zone.
2:07 of 3rd period - Shot by Erik Karlsson.
2:07 of 3rd period - Shot Blocked by Lauri Korpikoski.
2:09 of 3rd period - Shot by Erik Karlsson.
2:09 of 3rd period - Stopped by Brian Elliott without a rebound.
2:10 of 3rd period - Brooks Laich wins face-off versus Eric Belanger in Sharks zone.
3:22 of 3rd period - Shot by Corey Perry.
3:22 of 3rd period - Shot Misses the Net.
3:53 of 3rd period - Matt Carle is hit by Andrew Shaw and loses puck.
4:14 of 3rd period - Henrik Zetterberg is hit by Mark Stuart and loses puck.
4:29 of 3rd period - Shot by Henrik Zetterberg.
4:29 of 3rd period - Stopped by Brian Elliott with a rebound.
4:31 of 3rd period - Shot by Henrik Zetterberg.
4:31 of 3rd period - Shot Blocked by Andrew Shaw.
4:33 of 3rd period - Shot by Dmitry Kulikov.
4:33 of 3rd period - Stopped by Brian Elliott without a rebound.
4:34 of 3rd period - Brooks Laich wins face-off versus Jannik Hansen in Sharks zone.
4:45 of 3rd period - Ian White is hit by Maxime Talbot and loses puck.
5:01 of 3rd period - Off-side.
5:02 of 3rd period - Henrik Zetterberg wins face-off versus Kyle Wellwood in neutral zone.
5:39 of 3rd period - Shot by Loui Eriksson.
5:39 of 3rd period - Deflect By Phil Kessel.
5:39 of 3rd period - Goal by Phil Kessel - Sharks : 2 - Canucks : 1.
5:40 of 3rd period - Mike Ribeiro wins face-off versus Mikko Koivu in neutral zone.
5:40 of 3rd period - Johan Franzen is hit by Corey Perry and loses puck.
6:02 of 3rd period - Shot by Mike Ribeiro.
6:02 of 3rd period - Shot Blocked by Erik Karlsson.
6:04 of 3rd period - Shot by Johan Franzen.
6:04 of 3rd period - Shot Blocked by Mikko Koivu.
6:11 of 3rd period - Off-side.
6:12 of 3rd period - Tyler Bozak wins face-off versus Brooks Laich in neutral zone.
6:39 of 3rd period - Shot by Maxime Talbot.
6:39 of 3rd period - Deflect By Ryan OReilly.
6:39 of 3rd period - Shot Misses the Net.
6:45 of 3rd period - Shot by Maxime Talbot.
6:45 of 3rd period - Shot Misses the Net.
7:19 of 3rd period - Shot by Loui Eriksson.
7:19 of 3rd period - Stopped by Brian Elliott with a rebound.
8:32 of 3rd period - Icing by Ian White.
8:33 of 3rd period - Brooks Laich wins face-off versus Mike Ribeiro in Sharks zone.
8:34 of 3rd period - Shot by Maxime Talbot.
8:34 of 3rd period - Stopped by Brian Elliott without a rebound.
8:35 of 3rd period - Brooks Laich wins face-off versus Tyler Bozak in Sharks zone.
8:39 of 3rd period - Icing by Andrew Ference.
8:40 of 3rd period - Henrik Zetterberg wins face-off versus Tyler Bozak in Sharks zone.
8:54 of 3rd period - Alex Tanguay is hit by Henrik Zetterberg and loses puck.
9:00 of 3rd period - Loui Eriksson is hit by Andrew Ference and loses puck.
9:27 of 3rd period - Henrik Zetterberg is hit by Andrew Ference and loses puck.
9:49 of 3rd period - Valtteri Filppula is hit by Mark Stuart and loses puck.
9:57 of 3rd period - Off-side.
9:58 of 3rd period - Eric Belanger wins face-off versus Ryan OReilly in neutral zone.
10:13 of 3rd period - Shot by Lauri Korpikoski.
10:13 of 3rd period - Shot Blocked by Marco Scandella.
10:41 of 3rd period - Shot by Brooks Laich.
10:41 of 3rd period - The goal is going for a video replay.
10:41 of 3rd period - The goal is good.
10:41 of 3rd period - Goal by Brooks Laich - Sharks : 2 - Canucks : 2.
10:42 of 3rd period - Mikko Koivu wins face-off versus Mike Ribeiro in neutral zone.
11:14 of 3rd period - Mike Ribeiro is hit by Mikko Koivu and loses puck.
11:55 of 3rd period - Shot by Jaromir Jagr.
11:55 of 3rd period - Shot Misses the Net.
11:57 of 3rd period - Shot by Jaromir Jagr.
11:57 of 3rd period - Stopped by Henrik Lundqvist without a rebound.
11:58 of 3rd period - Brooks Laich wins face-off versus Tyler Bozak in Canucks zone.
12:00 of 3rd period - Icing by Maxime Talbot.
12:01 of 3rd period - Tyler Bozak wins face-off versus Brooks Laich in Canucks zone.
12:30 of 3rd period - Shot by Ryan OReilly.
12:30 of 3rd period - Shot Blocked by Mark Stuart.
13:37 of 3rd period - Shot by Phil Kessel.
13:37 of 3rd period - Shot Misses the Net.
13:48 of 3rd period - Phil Kessel is hit by Johnny Boychuk and loses puck.
14:56 of 3rd period - Icing by Dmitry Kulikov.
14:57 of 3rd period - Tyler Bozak wins face-off versus Mikko Koivu in Canucks zone.
15:19 of 3rd period - Andrew Shaw is hit by Dmitry Kulikov.
15:25 of 3rd period - Shot by Tyler Bozak.
15:25 of 3rd period - Stopped by Henrik Lundqvist without a rebound.
15:26 of 3rd period - Eric Belanger wins face-off versus Phil Kessel in Canucks zone.
15:35 of 3rd period - Johnny Boychuk is hit by Henrik Zetterberg and loses puck.
15:46 of 3rd period - Shot by Henrik Zetterberg.
15:46 of 3rd period - Stopped by Brian Elliott with a rebound.
15:48 of 3rd period - Shot by Loui Eriksson.
15:48 of 3rd period - Shot Blocked by Ian White.
15:50 of 3rd period - Shot by Loui Eriksson.
15:50 of 3rd period - Shot Misses the Net.
15:52 of 3rd period - Shot by Loui Eriksson.
15:52 of 3rd period - Stopped by Brian Elliott without a rebound.
15:53 of 3rd period - Mike Ribeiro wins face-off versus Brooks Laich in Sharks zone.
15:53 of 3rd period - Tomas Kaberle is hit by Brooks Laich and loses puck.
16:18 of 3rd period - Shot by Maxime Talbot.
16:18 of 3rd period - Deflect By Brooks Laich.
16:18 of 3rd period - Stopped by Brian Elliott without a rebound.
16:19 of 3rd period - Tyler Bozak wins face-off versus Henrik Zetterberg in Sharks zone.
16:27 of 3rd period - Alex Tanguay is hit by Erik Karlsson and loses puck.
16:43 of 3rd period - Alex Tanguay is hit by Matt Carle and loses puck.
16:57 of 3rd period - Shot by Mark Stuart.
16:57 of 3rd period - Shot Misses the Net.
17:01 of 3rd period - Shot by Andrew Shaw.
17:01 of 3rd period - Shot Misses the Net.
17:16 of 3rd period - Icing by Johnny Boychuk.
17:17 of 3rd period - Mike Ribeiro wins face-off versus Mikko Koivu in Sharks zone.
17:56 of 3rd period - Shot by Mike Ribeiro.
17:56 of 3rd period - Shot Misses the Net.
18:46 of 3rd period - Shot by Maxime Talbot.
18:46 of 3rd period - Shot Misses the Net.
18:48 of 3rd period - Shot by Maxime Talbot.
18:48 of 3rd period - Stopped by Brian Elliott without a rebound.
18:49 of 3rd period - Tyler Bozak wins face-off versus Loui Eriksson in Sharks zone.
19:06 of 3rd period - Shot by Alex Tanguay.
19:06 of 3rd period - Stopped by Henrik Lundqvist without a rebound.
19:07 of 3rd period - Kyle Wellwood wins face-off versus Mikko Koivu in Canucks zone.
19:28 of 3rd period - Shot by Jaromir Jagr.
19:28 of 3rd period - Shot Misses the Net.

Overtime #1


0:01 of 1st overtime period - Shane Doan wins face-off versus Phil Kessel in neutral zone.
0:08 of 1st overtime period - Loui Eriksson is hit by Shane Doan and loses puck.
0:33 of 1st overtime period - Shot by Loui Eriksson.
0:33 of 1st overtime period - Stopped by Brian Elliott without a rebound.
0:34 of 1st overtime period - Tyler Bozak wins face-off versus Mikko Koivu in Sharks zone.
1:09 of 1st overtime period - Shot by Valtteri Filppula.
1:09 of 1st overtime period - Shot Misses the Net.
1:37 of 1st overtime period - Shot by Loui Eriksson.
1:37 of 1st overtime period - Deflect By Henrik Zetterberg.
1:37 of 1st overtime period - Shot Blocked by Andrew Ference.
2:35 of 1st overtime period - Shot by Maxime Talbot.
2:35 of 1st overtime period - Stopped by Brian Elliott with a rebound.
2:37 of 1st overtime period - Shot by Radek Martinek.
2:37 of 1st overtime period - Stopped by Brian Elliott without a rebound.
2:38 of 1st overtime period - Mikko Koivu wins face-off versus Shane Doan in Sharks zone.
2:45 of 1st overtime period - Shot by Corey Perry.
2:45 of 1st overtime period - Shot Misses the Net.
2:48 of 1st overtime period - Minor Penalty to Mikko Koivu for Interference.
2:49 of 1st overtime period - Mike Ribeiro wins face-off versus Brooks Laich in Canucks zone.
3:18 of 1st overtime period - Shot by Shane Doan.
3:18 of 1st overtime period - Stopped by Henrik Lundqvist with a rebound.
3:20 of 1st overtime period - Shot by Johnny Boychuk.
3:20 of 1st overtime period - Shot Misses the Net.
3:22 of 1st overtime period - Shot by Johnny Boychuk.
3:22 of 1st overtime period - Stopped by Henrik Lundqvist without a rebound.
3:23 of 1st overtime period - Shane Doan wins face-off versus Brooks Laich in Canucks zone.
3:23 of 1st overtime period - Ian White is hit by Matt Carle and loses puck.
3:34 of 1st overtime period - Shot by Mike Ribeiro.
3:34 of 1st overtime period - Shot Blocked by Matt Carle.
3:36 of 1st overtime period - Shot by Mike Ribeiro.
3:36 of 1st overtime period - Shot Misses the Net.
3:38 of 1st overtime period - Shot by Ian White.
3:38 of 1st overtime period - Shot Blocked by Matt Carle.
3:50 of 1st overtime period - Shot by Mike Ribeiro.
3:50 of 1st overtime period - Shot Blocked by Matt Carle.
3:52 of 1st overtime period - Shot by Ian White.
3:52 of 1st overtime period - Goal by Ian White - Sharks : 3 - Canucks : 2.


Output by the SimonT Hockey Simulator (STHS) for Stephane Roy -- Original Page W3C XHTML 1.0 Valid
Hockey Simulator - Hockey Simulation - Hockey Manager